| TOP OF THE 1ST |
|
Danville Braves batting - Pitching for Philadelphia (APP) Phillies : LHP Justin Harrison
|
|
Pitching: LHP Justin Harrison
|
|
|
Batting: RHB Danny Dimas
|
0-0: Called Strike 0-1: Ball 1-1: Swinging Strike 1-2: SINGLE (Groundball, 56D, EV 96.9 MPH)
|
|
Batting: RHB Mennad Maalik
|
0-0: Ball 1-0: DOUBLE (Line Drive, 7LM, EV 99.4 MPH) Danny Dimas to third
|
|
Batting: RHB Richard Saquic
|
0-0: Ball 1-0: Ball Wild Pitch! Danny Dimas scores Mennad Maalik to third 2-0: Ball 3-0: Called Strike 3-1: Base on Balls
|
|
Batting: RHB Rodolfo Cosme
|
0-0: Called Strike Richard Saquic steals 2nd base 0-1: Called Strike 0-2: 3-RUN HOME RUN (Line Drive, 8LXD, EV 110.6 MPH), Distance : 438 ft
|
|
Batting: RHB Paul Holland
|
0-0: Ball 1-0: Ball 2-0: Ball 3-0: Called Strike 3-1: Called Strike 3-2: Fly out, F9 (Flyball, 89S, EV 78.1 MPH)
|
|
Pitching: RHP Robert Mccabe
|
|
|
Batting: RHB Ricardo Joya
|
0-0: Ball 1-0: Ball 2-0: SOLO HOME RUN (Flyball, 78XD, EV 101.9 MPH), Distance : 386 ft
|
|
Batting: RHB Alex Guerra
|
0-0: Ball 1-0: Foul Ball, location: 2F 1-1: Ground out 5-3 (Groundball, 56S, EV 86.2 MPH)
|
|
Batting: RHB Aaron Sartini
|
0-0: Ball 1-0: Called Strike 1-1: Ball 2-1: Foul Ball, location: 2F 2-2: Strikes out swinging
|
| Top of the 1st over - 5 runs, 4 hits, 0 errors, 0 left on base; Danville 5 - Philadelphia (APP) 0 |
| BOTTOM OF THE 1ST |
|
Philadelphia (APP) Phillies batting - Pitching for Danville Braves : RHP Jesus Hernandez
|
|
Pitching: RHP Jesus Hernandez
|
|
|
Batting: SHB Sam Fredrick
|
0-0: Called Strike 0-1: Foul Ball, location: 2F 0-2: Ball 1-2: Ball 2-2: Ball 3-2: Strikes out swinging
|
|
Batting: RHB Dan Doggett
|
0-0: Ball 1-0: Ball 2-0: Ball 3-0: Foul Ball, location: 2F 3-1: Base on Balls
|
|
Batting: RHB Nick Maxwell
|
0-0: Ball 1-0: Ball 2-0: Grounds into double play, 6-4-3 (Groundball, 6, EV 103.1 MPH)
|
| Bottom of the 1st over - 0 runs, 0 hits, 0 errors, 0 left on base; Danville 5 - Philadelphia (APP) 0 |
| TOP OF THE 2ND |
|
Danville Braves batting - Pitching for Philadelphia (APP) Phillies : RHP Robert Mccabe
|
|
Batting: RHB Chad Starnes
|
0-0: Called Strike 0-1: Ball 1-1: Ball 2-1: Called Strike 2-2: TRIPLE (Flyball, 78XD, EV 95.0 MPH)
|
|
Batting: RHB Danny Dimas
|
0-0: Ball 1-0: Called Strike 1-1: Ball Passed Ball! Chad Starnes scores 2-1: SINGLE (Groundball, 5S, EV 70.0 MPH) (infield hit)
|
|
Pitching: LHP Marc Haigler
|
|
|
Batting: RHB Mennad Maalik
|
0-0: Ball Danny Dimas steals 2nd base 1-0: Foul Ball, location: 2F 1-1: Foul Ball, location: 2F 1-2: Ball 2-2: Strikes out looking
|
|
Batting: RHB Richard Saquic
|
0-0: Ball Passed Ball! Danny Dimas to third 1-0: Ball 2-0: Ball 3-0: Called Strike 3-1: Base on Balls
|
|
Batting: RHB Rodolfo Cosme
|
0-0: Foul Ball, location: 2F 0-1: Ball Passed Ball! Danny Dimas scores Richard Saquic to second 1-1: Ball 2-1: Ball 3-1: 2-RUN HOME RUN (Flyball, 78XD, EV 108.8 MPH), Distance : 403 ft
|
|
Batting: RHB Paul Holland
|
0-0: Ball 1-0: Ball 2-0: Ball 3-0: Base on Balls
|
|
Batting: RHB Ricardo Joya
|
0-0: Ball 1-0: Foul Ball, location: 2F 1-1: Swinging Strike 1-2: Ball 2-2: Ball Passed Ball! Paul Holland to second 3-2: Base on Balls
|
|
Batting: RHB Alex Guerra
|
0-0: Ball 1-0: Swinging Strike 1-1: 3-RUN HOME RUN (Line Drive, 7D, EV 98.8 MPH), Distance : 361 ft
|
|
Pitching: LHP Chris Alexopoulos
|
|
|
Batting: RHB Aaron Sartini
|
0-0: Ball 1-0: SINGLE (Groundball, 6MD, EV 100.6 MPH)
|
|
Batting: RHB Chad Starnes
|
0-0: Fielders Choice at 2nd, 3-6 (Groundball, 34, EV 83.8 MPH)
|
|
Batting: RHB Danny Dimas
|
0-0: Called Strike 0-1: SINGLE (Groundball, 56D, EV 98.8 MPH) Chad Starnes to second
|
|
Batting: RHB Mennad Maalik
|
0-0: Ball 1-0: Swinging Strike 1-1: Fly out, F2 (Popup, 2RF, EV 90.6 MPH)
|
| Top of the 2nd over - 7 runs, 6 hits, 0 errors, 2 left on base; Danville 12 - Philadelphia (APP) 0 |
| BOTTOM OF THE 2ND |
|
Philadelphia (APP) Phillies batting - Pitching for Danville Braves : RHP Jesus Hernandez
|
|
Batting: LHB Victor Estrada
|
0-0: Ball 1-0: Swinging Strike 1-1: SINGLE (Groundball, 6M, EV 78.1 MPH) (infield hit)
|
|
Batting: LHB Jessie Whedbee
|
0-0: Called Strike 0-1: Ball 1-1: Ball 2-1: Foul Ball, location: 2F 2-2: SINGLE (Groundball, 34D, EV 94.4 MPH) Victor Estrada to second Runner from 2nd tries for 3rd, SAFE, throw by RF made to third
|
|
Batting: RHB Mike Ryan
|
0-0: Ball 1-0: Ball 2-0: Called Strike 2-1: Ball 3-1: Base on Balls Jessie Whedbee to second
|
|
Batting: RHB Jose Hurtado
|
0-0: Ball 1-0: Ball 2-0: Ball 3-0: Base on Balls Victor Estrada scores Jessie Whedbee to third Mike Ryan to second
|
|
Batting: RHB Takuzo Sato
|
0-0: Called Strike 0-1: Swinging Strike 0-2: Strikes out swinging
|
|
Batting: RHB Rüdiger Stritter
|
0-0: Ball 1-0: Ball 2-0: Swinging Strike 2-1: Foul Ball, location: 2F 2-2: Foul Ball, location: 2F 2-2: Strikes out swinging
|
|
Batting: SHB Sam Fredrick
|
0-0: Swinging Strike 0-1: Ball 1-1: Foul Ball, location: 2F 1-2: Strikes out swinging
|
| Bottom of the 2nd over - 1 run, 2 hits, 0 errors, 3 left on base; Danville 12 - Philadelphia (APP) 1 |
| TOP OF THE 3RD |
|
Danville Braves batting - Pitching for Philadelphia (APP) Phillies : LHP Chris Alexopoulos
|
|
Batting: RHB Richard Saquic
|
0-0: Called Strike 0-1: Ball 1-1: Foul Ball, location: 2F 1-2: Ball 2-2: Fly out, F7 (Line Drive, 78M, EV 109.4 MPH)
|
|
Batting: RHB Rodolfo Cosme
|
0-0: Ball 1-0: Swinging Strike 1-1: Ball 2-1: Ball 3-1: Base on Balls
|
|
Pitching: RHP Robert Chauvel
|
|
|
Batting: RHB Paul Holland
|
0-0: Foul Ball, location: 2F 0-1: Swinging Strike 0-2: Ball Passed Ball! Rodolfo Cosme to second 1-2: Strikes out looking
|
|
Batting: RHB Ricardo Joya
|
0-0: Ball Passed Ball! Rodolfo Cosme to third 1-0: Fly out, F7 (Flyball, 7LSF, EV 73.1 MPH)
|
| Top of the 3rd over - 0 runs, 0 hits, 0 errors, 1 left on base; Danville 12 - Philadelphia (APP) 1 |
| BOTTOM OF THE 3RD |
|
Philadelphia (APP) Phillies batting - Pitching for Danville Braves : RHP Jesus Hernandez
|
|
Batting: RHB Dan Doggett
|
0-0: Called Strike 0-1: Ball 1-1: Ball 2-1: Foul Ball, location: 2F 2-2: Ball 3-2: Foul Ball, location: 2F 3-2: Foul Ball, location: 2F 3-2: Ground out 4-3 (Groundball, 34D, EV 80.0 MPH)
|
|
Batting: RHB Nick Maxwell
|
0-0: Ball 1-0: Called Strike 1-1: Swinging Strike 1-2: Strikes out looking
|
|
Batting: LHB Victor Estrada
|
0-0: Called Strike 0-1: Called Strike 0-2: Ball 1-2: Strikes out swinging
|
| Bottom of the 3rd over - 0 runs, 0 hits, 0 errors, 0 left on base; Danville 12 - Philadelphia (APP) 1 |
| TOP OF THE 4TH |
|
Danville Braves batting - Pitching for Philadelphia (APP) Phillies : RHP Robert Chauvel
|
|
Batting: RHB Alex Guerra
|
0-0: Ball 1-0: Ball 2-0: Called Strike 2-1: Called Strike 2-2: SINGLE (Groundball, 4MD, EV 94.4 MPH)
|
|
Batting: RHB Aaron Sartini
|
0-0: Called Strike 0-1: Foul Ball, location: 2F 0-2: Ball 1-2: SINGLE (Groundball, 56D, EV 76.2 MPH) (infield hit) Alex Guerra to second
|
|
Batting: RHB Chad Starnes
|
0-0: Called Strike 0-1: Ball 1-1: Fielders Choice at 2nd, 6-4 (Groundball, 6, EV 85.6 MPH) Alex Guerra to third
|
|
Pitching: RHP Franck Basset
|
|
|
Batting: RHB Danny Dimas
|
0-0: SINGLE (Line Drive, 8LS, EV 93.8 MPH) Alex Guerra scores Chad Starnes to second
|
|
Batting: RHB Mennad Maalik
|
0-0: Ball 1-0: Foul Ball, location: 2F 1-1: Grounds into double play, 6-4-3 (Groundball, 6, EV 105.0 MPH)
|
| Top of the 4th over - 1 run, 3 hits, 0 errors, 1 left on base; Danville 13 - Philadelphia (APP) 1 |
| BOTTOM OF THE 4TH |
|
Philadelphia (APP) Phillies batting - Pitching for Danville Braves : RHP Jesus Hernandez
|
|
Batting: LHB Jessie Whedbee
|
0-0: Foul Ball, location: 2F 0-1: Foul Ball, location: 2F 0-2: Strikes out looking
|
|
Batting: RHB Mike Ryan
|
0-0: Ball 1-0: Called Strike 1-1: Foul Ball, location: 2F 1-2: Strikes out looking
|
|
Batting: RHB Jose Hurtado
|
0-0: Foul Ball, location: 2F 0-1: Foul Ball, location: 2F 0-2: Ball 1-2: Foul Ball, location: 2F 1-2: DOUBLE (Flyball, 8RXD, EV 96.2 MPH)
|
|
Batting: RHB Takuzo Sato
|
0-0: Ball 1-0: Called Strike 1-1: Foul Ball, location: 2F 1-2: Strikes out swinging
|
| Bottom of the 4th over - 0 runs, 1 hit, 0 errors, 1 left on base; Danville 13 - Philadelphia (APP) 1 |
| TOP OF THE 5TH |
|
Danville Braves batting - Pitching for Philadelphia (APP) Phillies : RHP Franck Basset
|
|
Batting: RHB Richard Saquic
|
0-0: Ball 1-0: Called Strike 1-1: Foul Ball, location: 2F 1-2: Ball 2-2: Ball 3-2: SOLO HOME RUN (Flyball, 7LD, EV 95.6 MPH), Distance : 361 ft
|
|
Batting: RHB Rodolfo Cosme
|
0-0: Called Strike 0-1: Ball 1-1: Swinging Strike 1-2: Foul Ball, location: 2F 1-2: Ball 2-2: Ball 3-2: Base on Balls
|
|
Batting: RHB Paul Holland
|
0-0: Foul Ball, location: 2F 0-1: Ball 1-1: Ball 2-1: Ball 3-1: Base on Balls Rodolfo Cosme to second
|
|
Batting: RHB Ricardo Joya
|
0-0: Grounds into double play, 5-4-3 (Groundball, 56S, EV 84.4 MPH) Rodolfo Cosme to third
|
|
Batting: RHB Alex Guerra
|
0-0: Ball 1-0: Ball 2-0: Ball 3-0: Called Strike 3-1: Fly out, F6 (Line Drive, 6M, EV 64.4 MPH)
|
| Top of the 5th over - 1 run, 1 hit, 0 errors, 1 left on base; Danville 14 - Philadelphia (APP) 1 |
| BOTTOM OF THE 5TH |
|
Philadelphia (APP) Phillies batting - Pitching for Danville Braves : RHP Jesus Hernandez
|
|
Batting: RHB Rüdiger Stritter
|
0-0: Ball 1-0: Called Strike 1-1: Swinging Strike 1-2: Strikes out swinging
|
|
Batting: SHB Sam Fredrick
|
0-0: Ball 1-0: Called Strike 1-1: Foul Ball, location: 2F 1-2: Foul Ball, location: 2F 1-2: Ball 2-2: Foul Ball, location: 2F 2-2: Ball 3-2: Fly out, F7 (Flyball, 78M, EV 95.0 MPH)
|
|
Batting: RHB Dan Doggett
|
0-0: Foul Ball, location: 2F 0-1: Hit by Pitch
|
|
Batting: RHB Nick Maxwell
|
0-0: Called Strike 0-1: Ball 1-1: Foul Ball, location: 2F 1-2: Ball 2-2: Ball 3-2: DOUBLE (Flyball, 8LXD, EV 110.6 MPH) Dan Doggett to third Dan Doggett scores
|
|
Pitching: RHP Aaron Frey
|
|
|
Batting: LHB Victor Estrada
|
0-0: Ball Wild Pitch! Nick Maxwell to third 1-0: Called Strike 1-1: Ball 2-1: Ball 3-1: Foul Ball, location: 2F 3-2: Base on Balls
|
|
Batting: LHB Jessie Whedbee
|
0-0: Foul Ball, location: 2F 0-1: Called Strike 0-2: SINGLE (Groundball, P, EV 78.1 MPH) (infield hit) Nick Maxwell scores Victor Estrada to second
|
|
Batting: RHB Mike Ryan
|
0-0: Called Strike 0-1: Called Strike 0-2: Ball 1-2: Foul Ball, location: 2F 1-2: Ball 2-2: Ball 3-2: Strikes out swinging
|
| Bottom of the 5th over - 2 runs, 2 hits, 0 errors, 2 left on base; Danville 14 - Philadelphia (APP) 3 |
| TOP OF THE 6TH |
|
Danville Braves batting - Pitching for Philadelphia (APP) Phillies : RHP Franck Basset
|
|
Batting: RHB Aaron Sartini
|
0-0: Called Strike 0-1: Ball 1-1: Ball 2-1: Foul Ball, location: 2F 2-2: Strikes out swinging
|
|
Batting: RHB Chad Starnes
|
0-0: Ball 1-0: Ground out 6-3 (Groundball, 6, EV 88.1 MPH)
|
|
Batting: RHB Danny Dimas
|
0-0: Ball 1-0: Ball 2-0: Called Strike 2-1: Ball 3-1: Base on Balls
|
|
Batting: RHB Mennad Maalik
|
0-0: Foul Ball, location: 2F 0-1: Called Strike 0-2: Foul Ball, location: 2F 0-2: Ball Passed Ball! Danny Dimas to second 1-2: Foul Ball, location: 2F 1-2: Ball 2-2: Foul Ball, location: 2F 2-2: Ball Passed Ball! Danny Dimas to third 3-2: Base on Balls
|
|
Batting: RHB Richard Saquic
|
0-0: Ball 1-0: Foul Ball, location: 2F 1-1: Foul Ball, location: 2F 1-2: Ball 2-2: Strikes out swinging
|
| Top of the 6th over - 0 runs, 0 hits, 0 errors, 2 left on base; Danville 14 - Philadelphia (APP) 3 |
| BOTTOM OF THE 6TH |
|
Philadelphia (APP) Phillies batting - Pitching for Danville Braves : RHP Aaron Frey
|
|
Batting: RHB Jose Hurtado
|
0-0: Ground out 5-3 (Groundball, 56, EV 85.0 MPH)
|
|
Batting: RHB Takuzo Sato
|
0-0: Swinging Strike 0-1: Foul Ball, location: 2F 0-2: Strikes out looking
|
|
Batting: RHB Rüdiger Stritter
|
0-0: SOLO HOME RUN (Flyball, 9LD, EV 93.8 MPH), Distance : 358 ft
|
|
Batting: SHB Sam Fredrick
|
0-0: Foul Ball, location: 2F 0-1: Ball 1-1: Ball 2-1: Ball 3-1: Foul Ball, location: 2F 3-2: Foul Ball, location: 2F 3-2: Base on Balls
|
|
Batting: RHB Dan Doggett
|
0-0: Called Strike 0-1: Foul Ball, location: 2F 0-2: Strikes out swinging
|
| Bottom of the 6th over - 1 run, 1 hit, 0 errors, 1 left on base; Danville 14 - Philadelphia (APP) 4 |
| TOP OF THE 7TH |
|
Danville Braves batting - Pitching for Philadelphia (APP) Phillies : RHP Franck Basset
|
|
Batting: RHB Rodolfo Cosme
|
0-0: Ball 1-0: Swinging Strike 1-1: Called Strike 1-2: SOLO HOME RUN (Flyball, 89XD, EV 113.1 MPH), Distance : 426 ft
|
|
Batting: RHB Paul Holland
|
0-0: Called Strike 0-1: SINGLE (Flyball, 89S, EV 90.6 MPH)
|
|
Batting: RHB Ricardo Joya
|
0-0: Ball Passed Ball! Paul Holland to second 1-0: Ball Passed Ball! Paul Holland to third 2-0: Swinging Strike 2-1: Ball 3-1: Base on Balls
|
|
Batting: RHB Alex Guerra
|
0-0: Ball 1-0: Ball 2-0: Ball Passed Ball! Paul Holland scores Ricardo Joya to second 3-0: Called Strike 3-1: Foul Ball, location: 2F 3-2: Foul Ball, location: 2F 3-2: Foul Ball, location: 2F 3-2: Base on Balls
|
|
Batting: RHB Aaron Sartini
|
0-0: Ball 1-0: Ball Passed Ball! Ricardo Joya to third Alex Guerra to second 2-0: Fly out, F8 (Line Drive, 8RS, EV 91.2 MPH)
|
|
Batting: RHB Chad Starnes
|
0-0: Swinging Strike Passed Ball! Ricardo Joya scores Alex Guerra to third 0-1: Called Strike 0-2: Strikes out swinging
|
|
Batting: RHB Danny Dimas
|
0-0: Foul Ball, location: 2F 0-1: Foul Ball, location: 2F 0-2: Foul Ball, location: 2F 0-2: Ground out 4-3 (Groundball, 4, EV 86.9 MPH)
|
| Top of the 7th over - 3 runs, 2 hits, 0 errors, 1 left on base; Danville 17 - Philadelphia (APP) 4 |
| BOTTOM OF THE 7TH |
|
Philadelphia (APP) Phillies batting - Pitching for Danville Braves : RHP Aaron Frey
|
|
Batting: RHB Nick Maxwell
|
0-0: Called Strike 0-1: Swinging Strike 0-2: Ball 1-2: Ball 2-2: Strikes out swinging
|
|
Batting: LHB Victor Estrada
|
0-0: Foul Ball, location: 2F 0-1: Swinging Strike 0-2: Ball 1-2: Strikes out swinging
|
|
Batting: LHB Jessie Whedbee
|
0-0: Ball 1-0: Swinging Strike 1-1: Foul Ball, location: 2F 1-2: Foul Ball, location: 2F 1-2: Foul Ball, location: 2F 1-2: Ball 2-2: Foul Ball, location: 2F 2-2: Ball 3-2: Fly out, F7 (Line Drive, 7S, EV 96.2 MPH)
|
| Bottom of the 7th over - 0 runs, 0 hits, 0 errors, 0 left on base; Danville 17 - Philadelphia (APP) 4 |
| TOP OF THE 8TH |
|
Danville Braves batting - Pitching for Philadelphia (APP) Phillies : RHP Franck Basset
|
|
Batting: RHB Mennad Maalik
|
0-0: Ball 1-0: Ball 2-0: Ball 3-0: Called Strike 3-1: Swinging Strike 3-2: Strikes out swinging
|
|
Batting: RHB Richard Saquic
|
0-0: Ball 1-0: Foul Ball, location: 2F 1-1: Ball 2-1: Foul Ball, location: 2F 2-2: Ball 3-2: SOLO HOME RUN (Flyball, 78XD, EV 108.8 MPH), Distance : 417 ft
|
|
Batting: RHB Rodolfo Cosme
|
0-0: Hit by Pitch
|
|
Batting: RHB Paul Holland
|
0-0: Swinging Strike 0-1: Ball 1-1: Foul Ball, location: 2F 1-2: Ball 2-2: Ball Passed Ball! Rodolfo Cosme to second 3-2: Foul Ball, location: 2F 3-2: Foul Ball, location: 2F 3-2: Base on Balls
|
|
Batting: RHB Ricardo Joya
|
0-0: Ball Wild Pitch! Rodolfo Cosme to third Paul Holland to second 1-0: Called Strike 1-1: Ball 2-1: Ball 3-1: SINGLE (Groundball, 4MD, EV 98.8 MPH) Rodolfo Cosme scores Paul Holland to third
|
|
Batting: RHB Alex Guerra
|
0-0: Ball 1-0: SINGLE (Groundball, 56, EV 94.4 MPH) Paul Holland scores Ricardo Joya to second
|
|
Batting: RHB Aaron Sartini
|
0-0: Fly out, F8 (Flyball, 8RM, EV 81.2 MPH)
|
|
Batting: RHB Chad Starnes
|
0-0: Ball 1-0: Ball Passed Ball! Ricardo Joya to third Alex Guerra to second 2-0: Ball Wild Pitch! Ricardo Joya scores Alex Guerra to third 3-0: Base on Balls
|
|
Batting: RHB Danny Dimas
|
0-0: Fly out, F7 (Flyball, 7LM, EV 100.6 MPH)
|
| Top of the 8th over - 4 runs, 3 hits, 0 errors, 2 left on base; Danville 21 - Philadelphia (APP) 4 |
| BOTTOM OF THE 8TH |
|
Philadelphia (APP) Phillies batting - Pitching for Danville Braves : RHP Aaron Frey
|
|
Batting: RHB Mike Ryan
|
0-0: SINGLE (Line Drive, 78S, EV 104.4 MPH)
|
|
Pitching: RHP Alex Rosales
|
|
|
Batting: RHB Jose Hurtado
|
0-0: Called Strike 0-1: Swinging Strike 0-2: Ball 1-2: Ball 2-2: Strikes out swinging
|
|
Batting: RHB Takuzo Sato
|
0-0: Bunted foul 0-1: Sac Bunt to P - play at first, batter OUT! 1-4 Mike Ryan to second
|
|
Batting: RHB Rüdiger Stritter
|
0-0: Called Strike 0-1: Foul Ball, location: 2F 0-2: Ball 1-2: Strikes out swinging
|
| Bottom of the 8th over - 0 runs, 1 hit, 0 errors, 1 left on base; Danville 21 - Philadelphia (APP) 4 |
| TOP OF THE 9TH |
|
Danville Braves batting - Pitching for Philadelphia (APP) Phillies : RHP Franck Basset
|
|
Batting: RHB Mennad Maalik
|
0-0: SINGLE (Groundball, 56D, EV 98.1 MPH)
|
|
Batting: RHB Richard Saquic
|
0-0: Ball 1-0: Foul Ball, location: 2F 1-1: Ball 2-1: Ball 3-1: Base on Balls Mennad Maalik to second
|
|
Batting: RHB Rodolfo Cosme
|
0-0: Ball Passed Ball! Mennad Maalik to third Richard Saquic to second 1-0: Ball 2-0: Ball 3-0: Base on Balls
|
|
Batting: RHB Paul Holland
|
0-0: Ball 1-0: Ball 2-0: Foul Ball, location: 2F 2-1: Foul Ball, location: 2F 2-2: Ball 3-2: Base on Balls Mennad Maalik scores Richard Saquic to third Rodolfo Cosme to second
|
|
Batting: RHB Ricardo Joya
|
0-0: Called Strike 0-1: Called Strike 0-2: Foul Ball, location: 2F 0-2: Strikes out looking
|
|
Batting: RHB Alex Guerra
|
0-0: Called Strike 0-1: Called Strike 0-2: Foul Ball, location: 2F 0-2: Strikes out swinging
|
|
Pinch Hitting: RHB Jesus Diego
|
0-0: Called Strike 0-1: Fly out, F9 (Flyball, 9S, EV 79.4 MPH)
|
| Top of the 9th over - 1 run, 1 hit, 0 errors, 3 left on base; Danville 22 - Philadelphia (APP) 4 |
| BOTTOM OF THE 9TH |
|
Philadelphia (APP) Phillies batting - Pitching for Danville Braves : RHP Alex Rosales
|
|
Now in LF: Jesus Diego
|
|
|
Batting: SHB Sam Fredrick
|
0-0: Called Strike 0-1: Swinging Strike 0-2: Strikes out swinging
|
|
Batting: RHB Dan Doggett
|
0-0: Called Strike 0-1: Called Strike 0-2: Strikes out swinging
|
|
Batting: RHB Nick Maxwell
|
0-0: Called Strike 0-1: Swinging Strike 0-2: Fly out, F8 (Line Drive, 8LM, EV 97.5 MPH)
|
| Bottom of the 9th over - 0 runs, 0 hits, 0 errors, 0 left on base; Danville 22 - Philadelphia (APP) 4 |
|